 Dungeon Crawl Stone Soup version 0.29.1-1-gd02db6906a (webtiles) character file.

Game seed: 6588640379685066024

385 hawla the Firebug (level 7, -4/50 HPs)
             Began as a Meteoran Fire Elementalist on Oct 6, 2022.
             Slain by an ogre
             ... wielding a +0 giant spiked club
              (30 damage)
             ... on level 5 of the Dungeon.
             The game lasted 00:08:29 (2265 turns).

hawla the Firebug (Meteoran Fire Elementalist)      Turns: 2265, Time: 00:08:30

Health: -4/50      AC:  5    Str: 10    XL:     7   Next: 27%
Magic:  6/13       EV: 13    Int: 19    God:
Gold:   115        SH:  0    Dex: 20    Spells: 2/12 levels left

rFire   . . .      SeeInvis .   n - +0 quarterstaff
rCold   . . .      Faith    .   (shield currently unavailable)
rNeg    . . .      Spirit   .   a - +1 robe
rPois   .          Reflect  .   (no helmet)
rElec   .          Harm     .   (no cloak)
rCorr   .          Rampage  .   (no gloves)
Will    .....                   h - +1 pair of boots
Stlth   +.........              (no amulet)
HPRegen 0.16/turn               m - +6 ring of dexterity
MPRegen 0.13/turn               (no ring)

@: very slightly contaminated, glowing
A: sense surroundings 1, otherworldly, glowing, explore regen
a: no special abilities


You were on level 5 of the Dungeon.
You visited 1 branch of the dungeon, and saw 5 of its levels.

You collected 115 gold pieces.

Inventory:

Hand Weapons
 j - the +3 hand axe of Wrongful Imprisonment {drain, Dex+2}
   (You found it on level 2 of the Dungeon)

   A truly terrible weapon, it drains the life of any living foe it strikes.
   Dex:       It affects your dexterity (+2).
 n - a +0 quarterstaff (weapon)
Armour
 a - a +1 robe (worn)
 h - a +1 pair of boots (worn)
Jewellery
 m - a +6 ring of dexterity (left hand)
Scrolls
 d - a scroll of magic mapping {unknown}
 g - a scroll of teleportation
 i - 2 scrolls of identify
 k - a scroll of enchant armour
Potions
 b - a potion of magic
 c - 2 potions of curing {unknown}
 e - 3 potions of lignification {unknown}
 f - a potion of attraction {unknown}
 l - a potion of heal wounds {unknown}


   Skills:
 - Level 2.5 Dodging
 - Level 1.4 Stealth
 - Level 3.3 Spellcasting
 + Level 4.4 Conjurations
 - Level 7.0 Fire Magic
 * Level 1.3 Air Magic
 * Level 1.2 Poison Magic


You had 2 spell levels left.
You knew the following spells:

 Your Spells              Type           Power      Damage    Failure   Level
a - Foxfire               Conj/Fire      96%        2x1d8     1%          1
b - Scorch                Fire           58%        2d8       1%          2
c - Flame Wave            Conj/Fire      24%        2d8       14%         4
d - Mephitic Cloud        Conj/Pois/Air  12%        N/A       17%         3

Your spell library contained the following spells:

 Spells                   Type           Power      Damage    Failure   Level
 Conjure Flame            Conj/Fire      24%        6-21      4%          3
 Inner Flame              Hex/Fire       16%        N/A       11%         3
 Ignite Poison            Fire/Tmut/Pois 13%        N/A       14%         3
 Freezing Cloud           Conj/Ice/Air   5%         6-21      88%         5
 Conjure Ball Lightning   Conj/Air       7%         3x3d6     100%        6
 Discord                  Hex            1%         N/A       100%        8
 Disjunction              Tloc           1%         N/A       100%        8


Dungeon Overview and Level Annotations

Branches:
Dungeon (5/15) Zot: 733
 Temple: D:4-7

Altars:
Gozag
Makhleb
Okawaru
Ru
Sif Muna
The Shining One


Innate Abilities, Weirdness & Mutations

You passively map a small area around you.
You are easily found by Zot.
You glow in the dark.
You regain HP and MP as you explore.


Message History

You kill the jelly!
You hear an angry hiss.
You hear a shout!
A gnoll comes into view. It is wielding a +0 halberd.
Your Air Magic skill increases to level 1!
Your Poison Magic skill increases to level 1!
A wave of flame ripples out!
The flame wave engulfs the gnoll!
The gnoll is almost dead.
The flame wave engulfs the gnoll!
The gnoll is burned terribly!
You kill the gnoll!
You finish channelling waves of flame.
You hear a shout!
A water moccasin comes into view.
The gnoll hits you but does no damage. The gnoll barely misses you.
You climb upwards.
There is a stone staircase leading down here.
You start waiting.
HP restored.
You climb downwards.
The ogre barely misses you. The gnoll hits you with a +0 club.
The gnoll hits you from afar with a +0 halberd!
There is a stone staircase leading up here.
Casting: Flame Wave (quite dangerous; 14% risk of failure)
Confirm with . or Enter, or press ? or * to list all spells.
The spell is quite dangerous to miscast (14% risk of failure)!
Continue anyway? [Y]es or [N]o only, please.
The spell is quite dangerous to miscast (14% risk of failure)!
Continue anyway? [Y]es or [N]o only, please.
The spell is quite dangerous to miscast (14% risk of failure)!
Continue anyway?
Casting: Flame Wave (quite dangerous; 14% risk of failure)
Press: ? - help, Dir - look around, f - activate You miscast Flame Wave.
You are very lightly contaminated with residual magic.
Nothing appears to happen.
The gnoll hits you from afar with a +0 spear.
The gnoll misses you.
The gnoll hits you from afar with a +0 halberd!
The ogre hits you with a +0 giant spiked club!!
Ouch! That really hurt!
You die...

, , , .. .# *..
,, * #. .# #..
* >+, ..,$(,...
*#.#.##.## * ,
###>).....## ,
, #.g.g......#
, #...O......#
, ,
#...@.S....# ,
* * *
#....g...... ,
#......_.... ,
* * **
#...._.....#
,./...........
,
.........⌠.._.
...........(...
,
........_.....#
, , * ,


You could see a water moccasin, an ogre and 3 gnolls.

Vanquished Creatures
  An ogre (D:4)
  A scorpion (D:4)
  A jelly (D:5)
  Natasha (thrice) (D:3)
  An iguana (D:4)
  4 gnolls
  2 adders
  A dart slug (D:2)
  7 endoplasms
  A giant cockroach (D:2)
  6 goblins
  5 hobgoblins
  2 jackals (D:3)
  9 kobolds
  3 quokkas
  4 ball pythons
  3 bats (D:3)
  4 frilled lizards
58 creatures vanquished.

Vanquished Creatures (others)
  115 foxfires
115 creatures vanquished.

Grand Total: 173 creatures vanquished

Notes
Turn   | Place    | Note
-------+----------+-------------------------------------------
     0 | D:1      | hawla the Meteoran Fire Elementalist began the quest for
                  | the Orb.
     0 | D:1      | Reached XP level 1. HP: 14/14 MP: 5/5
    31 | D:1      | Reached skill level 4 in Fire Magic
    31 | D:1      | Reached XP level 2. HP: 20/20 MP: 0/6
   188 | D:1      | Learned a level 2 spell: Scorch
   408 | D:1      | Found a faded altar of an unknown god.
   420 | D:1      | Reached XP level 3. HP: 26/26 MP: 4/8
   500 | D:1      | Glimpsed the power of Zot.
   599 | D:2      | Identified the +3 hand axe of Wrongful Imprisonment {drain,
                  | Dex+2}
  1100 | D:2      | Glimpsed the power of Zot.
  1140 | D:3      | Reached XP level 4. HP: 24/33 MP: 6/9
  1157 | D:3      | Learned a level 4 spell: Flame Wave
  1162 | D:3      | Found an opulent altar of Gozag.
  1175 | D:3      | Noticed Natasha
  1180 | D:3      | Killed Natasha
  1181 | D:3      | Reached skill level 5 in Fire Magic
  1526 | D:3      | Noticed Natasha
  1531 | D:3      | Killed Natasha
  1532 | D:3      | Reached XP level 5. HP: 38/38 MP: 3/10
  1622 | D:3      | Noticed Natasha
  1632 | D:3      | Killed Natasha
  1701 | D:3      | Glimpsed the power of Zot.
  1723 | D:4      | Found a burning altar of Makhleb.
  1738 | D:4      | Reached skill level 6 in Fire Magic
  1776 | D:4      | Reached XP level 6. HP: 45/45 MP: 7/11
  1893 | D:4      | Noticed an ogre
  1896 | D:4      | Killed an ogre
  1897 | D:4      | Reached skill level 7 in Fire Magic
  1897 | D:4      | Reached XP level 7. HP: 50/50 MP: 1/12
  1927 | D:4      | Learned a level 3 spell: Mephitic Cloud
  2206 | D:5      | Entered Level 5 of the Dungeon
  2206 | D:5      | Found an iron altar of Okawaru.
  2206 | D:5      | Found a sacrificial altar of Ru.
  2206 | D:5      | Found a shimmering blue altar of Sif Muna.
  2206 | D:5      | Found a glowing golden altar of the Shining One.
  2211 | D:5      | Reached skill level 1 in Air Magic
  2211 | D:5      | Reached skill level 1 in Poison Magic
  2211 | D:5      | Noticed a water moccasin
  2265 | D:5      | Slain by an ogre

Illustrated notes

Levels and vault maps discovered:
D:1:      dpeg_arrival_morbid_curiosity, layout_basic,
          hellmonk_ecumenical_altar_crossroads
D:2:      layout_loops_ring, minmay_randomly_rotated_circles
D:3:      layout_loops_cross, mainiacjoe_overflow_24_doors, uniq_natasha
D:4:      layout_rooms, bloody_makhleb
D:5:      layout_basic, grunt_temple_overflow_open, gammafunk_ghost_icy,
          serial_shops, nicolae_shop_stone, uniq_crazy_yiuf_cottage

Skill      XL: |  1  2  3  4  5  6  7 |
---------------+----------------------+-----
Fire Magic     | 4 5 6 7 |  7.0
Spellcasting   | 3 |  3.3
Conjurations   | 2 3 4 |  4.4
Air Magic      | 1 |  1.3
Poison Magic   | 1 |  1.2
Dodging        | |  2.5
Stealth        | |  1.4

Action                   |  1- 3 |  4- 6 |  7- 9 || total
-------------------------+-------+-------+-------++-------
Melee: Unarmed           |     4 |     2 |       ||     6
 Cast: Foxfire           |    38 |    23 |     8 ||    69
       Scorch            |     7 |    19 |     6 ||    32
       Mephitic Cloud    |       |       |     5 ||     5
       Flame Wave        |       |       |     1 ||     1
  Use: Scroll            |     7 |       |       ||     7
Armor: Robe              |     5 |     6 |     1 ||    12
Dodge: Dodged            |     7 |    12 |     3 ||    22
